 Dungeon Crawl Stone Soup version 0.30.0-19-g36f170ea60 (webtiles) character file.

Game seed: 6085720019697443959

5745 Irreverend the Cleaver (level 10, -3/91 HPs)
             Began as a Hill Orc Fighter on May 27, 2023.
             Was a Believer of Beogh.
             Slain by an orange demon (6 damage)
             ... led by a cacodemon
             ... on level 2 of the Abyss.
             The game lasted 00:11:43 (8539 turns).

Irreverend the Cleaver (Hill Orc Fighter)           Turns: 8539, Time: 00:11:43

Health: -3/91      AC: 18    Str: 24    XL:     10   Next: 77%
Magic:  8/11       EV:  8    Int:  8    God:    Beogh [**....]
Gold:   649        SH:  6    Dex: 16    Spells: 9/9 levels left

rFire   . . .        a - +0 war axe
rCold   . . .        c - +0 buckler
rNeg    . . .        J - +1 chain mail {Will+}
rPois   .            (no helmet)
rElec   .            A - +0 cloak
rCorr   .            K - +2 pair of gloves
SInv    .            P - +0 pair of boots
Will    +....        x - amulet of the acrobat Stlth
                     k - ring of flight
HPRegen 0.35/turn    t - +6 ring of dexterity
MPRegen 0.12/turn

%: acrobat
@: lethally poisoned (-3 -> -23), flying
A: no striking features
a: Renounce Religion, Smiting


You were on level 2 of the Abyss.
You worshipped Beogh.
Beogh was pleased with you.
You visited 1 branch of the dungeon, and saw 9 of its levels.
You visited the Abyss 1 time.
You also visited: Ossuary.

You collected 649 gold pieces.

Inventory:

Hand Weapons
 a - a +0 war axe (weapon)
 I - a +0 flail
 N - a +3 hand axe of venom
Missiles
 b - 2 throwing nets (quivered)
Armour
 c - a +0 buckler (worn)
 A - a +0 cloak (worn)
 J - a +1 chain mail of willpower (worn)
 K - a +2 pair of gloves (worn)
 P - a +0 pair of boots (worn)
Jewellery
 k - a ring of flight (left hand)
 t - a +6 ring of dexterity (right hand)
 x - an amulet of the acrobat (around neck)
 H - a ring of positive energy
 M - a ring of ice
Wands
 o - a wand of paralysis (15)
 B - a wand of digging (5)
 O - a wand of mindburst (9)
 Q - a wand of flame (9)
Scrolls
 f - a scroll of fear {unknown}
 l - 4 scrolls of noise {unknown}
 m - 5 scrolls of fog {unknown}
 n - a scroll of acquirement {unknown}
 p - 9 scrolls of identify {unknown}
 q - 10 scrolls of teleportation {unknown}
 r - a scroll of immolation {unknown}
 w - a scroll of brand weapon {unknown}
 y - 3 scrolls of enchant armour {unknown}
 z - 2 scrolls of magic mapping {unknown}
 C - 2 scrolls of torment {unknown}
 D - 2 scrolls of enchant weapon {unknown}
 G - 3 scrolls of amnesia {unknown}
 L - a scroll of silence {unknown}
Potions
 d - 5 potions of might
 e - 7 potions of curing {unknown}
 g - 4 potions of haste {unknown}
 h - 5 potions of heal wounds {unknown}
 i - 2 potions of attraction {unknown}
 j - 2 potions of mutation {unknown}
 s - 2 potions of degeneration {unknown}
 u - a potion of cancellation {unknown}
 v - a potion of flight {unknown}
 E - 2 potions of lignification {unknown}
 F - 5 potions of brilliance {unknown}


   Skills:
 + Level 9.3 Fighting
 * Level 13.1 Axes
 + Level 8.3 Armour
 + Level 8.3 Shields
 + Level 2.1 Invocations


You had 9 spell levels left.
You didn't know any spells.
Your spell library contained the following spells:

 Spells                   Type           Power      Damage    Failure   Level
 Apportation              Tloc           0%         N/A       93%         1
 Ozocubu's Armour         Ice            0%         N/A       100%        3
 Alistair's Intoxication  Tmut/Pois      0%         N/A       100%        5
 Metabolic Englaciation   Hex/Ice        0%         N/A       100%        5
 Simulacrum               Ice/Necr       0%         N/A       100%        6


Dungeon Overview and Level Annotations

Branches:
Dungeon (9/15)             Temple (0/1) D:5         Ossuary (visited)
   Lair: D:8-11         Orc: D:9-12

Altars:
Fedhas
Gozag
Kikubaaqudgha
Nemelex Xobeh
Qazlal
Sif Muna
Trog
Xom
Yredelemnul
Zin

Shops:
D:1 (   D:3 ?

Annotations:
D:8 3 runed translucent doors, notthatgreg's ghost, novice OpCA
D:9 Erolcha


Message History

The sixfirhy is lightly wounded.
You block the sixfirhy's attack.
The sixfirhy hits you but does no damage.
The sixfirhy hits you. The sixfirhy shocks you!
You slash the sixfirhy!
The sixfirhy is heavily wounded.
You block the sixfirhy's attack.
The sixfirhy hits you but does no damage.
The sixfirhy barely misses you.
The sixfirhy hits you but does no damage.
You slash the sixfirhy!
The sixfirhy is almost dead.
You slash the sixfirhy!
You kill the sixfirhy!
Beogh accepts your kill. The orange demon barely misses you.
Your life force feels restored.
Your Axes skill increases to level 13!
Your Invocations skill increases to level 2!
The orange demon stings you. The orange demon closely misses you.
You closely miss the orange demon. The orange demon stings you.
You are poisoned.
The orange demon poisons you! The orange demon hits you.
* * * LOW HITPOINT WARNING * * *
You slice the orange demon!!
The orange demon is moderately wounded.
You feel very sick.
You completely miss the orange demon.
The orange demon is moderately wounded.
You feel sick. The orange demon stings you!
* * * LOW HITPOINT WARNING * * *
You are more poisoned.
The orange demon poisons you!
The orange demon hits you but does no damage.
You hit the orange demon.
The orange demon is moderately wounded.
* * * LOW HITPOINT WARNING * * *
You feel very sick. You block the orange demon's attack.
The orange demon hits you.
You die...

# .. .. .# # ..
#...# #. .. # ..##
#.. #.. #..##.##..
###..####...#..~. #
........@#..~.~#...#
.
........4.~..~....#
........###.~.~~. ..
# .########..
.~~~.#.. ## . ##
#.## ...~~~... ..
..........~~~.# . ..
. .. .. ....## #.. .
.. . ....... .~..~##
## .. .
.........~~.>#


You could see an orange demon.

Vanquished Creatures
  A sixfirhy (Abyss:2)
  An ugly thing (D:8)
  An unseen horror (D:6)
  A wraith (D:9)
  A steam dragon (D:8)
  Menkaure (D:7)
  3 vampire mosquitoes (D:8)
  A water moccasin (D:8)
  A black bear (D:4)
  3 ice beasts
  2 centaurs
  2 phantoms
  Blork the orc (D:5)
  A kobold brigand (D:8)
  3 bullfrogs
  7 scorpions
  27 wights
  5 killer bees (D:8)
  A jelly (D:7)
  An orc priest (D:5)
  A hound (D:5)
  An iguana (D:5)
  A sleepcap (D:5)
  6 orc wizards
  14 mummies (Ossuary)
  4 gnolls (D:4)
  8 adders
  2 white imps (D:5)
  2 ufetubi (D:4)
  2 worms
  14 orcs
  12 ball pythons
  5 bats
  6 endoplasms
  5 giant cockroaches
  5 hobgoblins
  3 jackals
  11 kobolds
  9 quokkas
  5 frilled lizards
  7 goblins
  2 goblin skeletons (Ossuary)
  4 kobold skeletons (Ossuary)
  2 orc skeletons (Ossuary)
  4 rats
  11 rat skeletons (Ossuary)
  A rat zombie (D:5)
  A spectral orc (D:4)
212 creatures vanquished.

Vanquished Creatures (others)
  Sigmund (D:5)
  An adder (D:5)
  2 orcs (D:5)
4 creatures vanquished.

Grand Total: 216 creatures vanquished

Notes
Turn   | Place    | Note
-------+----------+-------------------------------------------
     0 | D:1      | Irreverend the Hill Orc Fighter began the quest for the
                  | Orb.
     0 | D:1      | Reached XP level 1. HP: 19/19 MP: 1/1
   109 | D:1      | Found Gofuddil's Antique Weapon Boutique.
   112 | D:1      | Reached skill level 3 in Axes
   169 | D:1      | Reached XP level 2. HP: 27/27 MP: 2/2
   763 | D:2      | Reached XP level 3. HP: 28/33 MP: 3/3
  1237 | D:2      | Reached skill level 4 in Axes
  1573 | D:3      | Reached XP level 4. HP: 40/40 MP: 4/4
  1920 | D:3      | Found a glowing silver altar of Zin.
  1963 | D:3      | Found an ancient bone altar of Kikubaaqudgha.
  1983 | D:3      | Noticed a scorpion
  1987 | D:3      | Killed a scorpion
  1988 | D:3      | Reached XP level 5. HP: 47/47 MP: 5/5
  2082 | D:3      | Found Ahor Sem's Magic Scroll Emporium.
  2347 | D:4      | Reached skill level 5 in Axes
  2396 | D:4      | Found a sparkling altar of Nemelex Xobeh.
  2468 | D:4      | Noticed a centaur
  2480 | D:4      | Killed a centaur
  2481 | D:4      | Reached XP level 6. HP: 41/55 MP: 6/6
  2594 | D:4      | Noticed a black bear
  2604 | D:4      | Killed a black bear
  2605 | D:4      | Reached skill level 5 in Fighting
  2605 | D:4      | Reached skill level 6 in Axes
  2731 | D:4      | Reached XP level 7. HP: 56/61 MP: 7/7
  3339 | D:4      | Found a basalt altar of Yredelemnul.
  3390 | D:5      | Entered Level 5 of the Dungeon
  3494 | D:5      | Noticed Blork the orc
  3503 | D:5      | Killed Blork the orc
  3504 | D:5      | Reached skill level 7 in Axes
  3589 | D:5      | Became a worshipper of Beogh the Brigand
  3608 | D:5      | Reached skill level 5 in Armour
  3608 | D:5      | Reached skill level 5 in Shields
  3633 | D:5      | Found a shimmering blue altar of Sif Muna.
  3655 | D:5      | Found a sand-covered staircase.
  3667 | Ossuary  | Entered an ossuary
  3791 | Ossuary  | Reached * piety under Beogh
  4074 | Ossuary  | Reached XP level 8. HP: 55/70 MP: 8/8
  4395 | D:5      | Reached skill level 8 in Axes
  4451 | D:5      | Killed Sigmund
  4534 | D:5      | Found a staircase to the Ecumenical Temple.
  5049 | D:6      | Reached skill level 9 in Axes
  5382 | D:6      | Reached ** piety under Beogh
  5588 | D:6      | Killed an unseen horror
  5589 | D:6      | Reached skill level 10 in Axes
  5589 | D:6      | Reached XP level 9. HP: 42/79 MP: 9/9
  6259 | D:7      | Noticed Menkaure
  6268 | D:7      | Killed Menkaure
  6269 | D:7      | Reached skill level 11 in Axes
  6556 | D:7      | Found a bloodstained altar of Trog.
  6802 | D:8      | Reached XP level 10. HP: 53/89 MP: 10/10
  6846 | D:8      | Reached skill level 12 in Axes
  7268 | D:8      | Reached *** piety under Beogh
  7436 | D:8      | Found a runed translucent gate.
  7437 | D:8      | Found a runed translucent gate.
  7438 | D:8      | Found a runed translucent gate.
  7439 | D:8      | Found an opulent altar of Gozag.
  7441 | D:8      | Noticed an ogre mage
  7441 | D:8      | Noticed notthatgreg's ghost (novice OpCA)
  7452 | D:8      | Found a blossoming altar of Fedhas.
  7452 | D:8      | Found a shimmering altar of Xom.
  7459 | D:8      | Found a faded altar of an unknown god.
  7464 | D:8      | Found a faded altar of an unknown god.
  7466 | D:8      | Found a stormy altar of Qazlal.
  7662 | D:8      | Noticed a purple ugly thing
  7686 | D:8      | Killed a purple ugly thing
  8344 | D:9      | Reached skill level 1 in Invocations
  8439 | D:9      | Noticed Erolcha
  8475 | Abyss:2  | Cast into level 2 of the Abyss (Erolcha)
  8490 | Abyss:2  | Found a corrupted altar of Lugonu.
  8510 | Abyss:2  | Noticed a sixfirhy
  8510 | Abyss:2  | Noticed an orange demon
  8534 | Abyss:2  | Killed a sixfirhy
  8535 | Abyss:2  | Reached skill level 13 in Axes
  8539 | Abyss:2  | HP: 3/91 [poisoned by an orange demon]
  8539 | Abyss:2  | Slain by an orange demon

Illustrated notes

Levels and vault maps discovered:
D:1:      dpeg_arrival_lava_temple_mockup, layout_basic, serial_shops,
          shop_statue
D:2:      layout_basic
D:3:      minmay_inner_zag, layout_rooms, zin_statuary, kiku_gazebo_pond_becter,
          serial_shops, shop, patterned_corridor
D:4:      layout_rooms, yredelemnul_forgotten_temple_becter,
          mainiacjoe_overflow_small_starburst, minmay_divided_ellipse
D:5:      layout_basic, general_overflow_altar, minmay_temple_entry_junction,
          enter_ossuary_3, uniq_blork_the_orc, uniq_sigmund
D:6:      layout_basic, bh_walls_and_bars
D:7:      layout_rooms, mainiacjoe_overflow_brackets, uniq_menkaure
D:8:      layout_cave_pools, chequers_temple_overflow_minitemple,
          ebering_ghost_gozag, columned_hall_lemuel
D:9:      layout_long_grid, minitemple, david_lair_shrubbed, st_stairs_8,
          uniq_erolcha
Abyss:2:  base:
D:6

Skill      XL: |  1  2  3  4  5  6  7  8  9 10 |
---------------+-------------------------------+-----
Axes           | 3 4 5 6 7 10 11 13 | 13.1
Fighting       | 4 5 6 7 8 9 |  9.3
Armour         | 4 5 6 7 8 |  8.3
Shields        | 4 5 6 7 8 |  8.3
Invocations    | 2 |  2.1

Action                     |  1- 3 |  4- 6 |  7- 9 | 10-12 || total
---------------------------+-------+-------+-------+-------++-------
  Melee: War axe           |    89 |   118 |   386 |   134 ||   727
 Invoke: Convert to Beogh  |       |       |     1 |       ||     1
         Smiting           |       |       |       |     4 ||     4
 Armour: Scale mail        |    41 |    58 |    81 |       ||   180
         Chain mail        |       |       |    64 |   102 ||   166
  Dodge: Dodged            |    44 |    51 |   136 |    94 ||   325
  Block: Buckler           |    21 |    28 |    80 |    53 ||   182
